 Dungeon Crawl Stone Soup version 0.31-a0-217-g58bb5d79cf (webtiles) character file.

Game seed: 2562592607626745819

381 qw the Shooter (level 6, 0/37 HPs)
             Began as a Gargoyle Hexslinger on July 3, 2023.
             Slain by a cerulean imp
             ... wielding a +2 spear
             ... summoned by Natasha
              (2 damage)
             ... on level 3 of the Dungeon.
             The game lasted 00:01:12 (2551 turns).

qw the Shooter (Gargoyle Hexslinger)                Turns: 2551, Time: 00:01:12

Health: 0/37       AC:  9    Str: 12    XL:     6   Next: 75%
Magic:  7/7        EV: 11    Int: 13    God:
Gold:   145        SH:  0    Dex: 14    Spells: 6/7 levels left

rFire   . . .        Y - +1 sling
rCold   . . .        (no shield)
rNeg    + . .        c - +0 leather armour {Will+}
rPois   inf          d - +1 helmet
rElec   +            (no cloak)
rCorr   .            (no gloves)
SInv    .            (no boots)
Will    ++...        (no amulet)
Stlth   +            l - ring of willpower
HPRegen 0.26/turn    (no ring)
MPRegen 0.10/turn

%: no passive effects
@: about to teleport
A: sickness immunity, AC +4, negative energy resistance 1, electricity
resistance, torment resistance 1, petrification resistance
a: no special abilities


You were on level 3 of the Dungeon.
You visited 1 branch of the dungeon, and saw 3 of its levels.

You collected 145 gold pieces.


Innate Abilities, Weirdness & Mutations

You are immune to sickness and miasma.
Your stone body is resilient. (AC +4)
You are immune to poison.
You resist negative energy. (rN+)
You are resistant to electric shocks. (rElec)
You are resistant to unholy torment.
You are immune to petrification.


   Skills:
 - Level 3.0 Fighting
 - Level 6.4 Ranged Weapons
 + Level 0.0 Armour
 - Level 1.5 Dodging
 - Level 1.0 Spellcasting
 - Level 2.6 Hexes


You had 6 spell levels left.
You knew the following spells:

 Your Spells              Type           Power      Damage    Failure   Level
a - Slow                  Hex            28%        N/A       12%         1

Your spell library contained the following spells:

 Spells                   Type           Power      Damage    Failure   Level
 Inner Flame              Hex/Fire       4%         N/A       52%         3
 Portal Projectile        Hex/Tloc       8%         N/A       52%         3
 Cause Fear               Hex            3%         N/A       75%         4

Inventory:

Hand Weapons
 Y - a +1 sling (weapon)
Armour
 c - a +0 leather armour of willpower (worn)
 d - a +1 helmet (worn)
Jewellery
 l - a ring of willpower (left hand)
Scrolls
 a - a scroll of identify
 f - 3 scrolls of summoning {unknown}
 k - 4 scrolls of teleportation
Potions
 b - a potion of cancellation
 e - a potion of enlightenment
 g - a potion of haste
 h - a potion of brilliance {unknown}
 i - a potion of resistance {unknown}
 j - a potion of might

Dungeon Overview and Level Annotations

Branches:
Dungeon (3/15)

Altars:

Annotations:
D:3 1 runed translucent door, Natasha; qw's ghost, amateur MiHs


Message History

The sling bullet barely misses the cerulean imp.
Natasha closely misses you.
The cerulean imp hits you but does no damage.
The cerulean imp hits you from afar with a +2 spear.
You shoot a sling bullet.
The sling bullet barely misses the cerulean imp.
Natasha closely misses you.
The cerulean imp hits you with a +2 spear.
The cerulean imp hits you but does no damage.
You shoot a sling bullet.
The sling bullet closely misses the cerulean imp.
Natasha claws you. The cerulean imp barely misses you.
The cerulean imp closely misses you.
You shoot a sling bullet.
The sling bullet barely misses the cerulean imp.
Natasha casts a spell at you. The magic dart hits you.
The cerulean imp hits you but does no damage. x2
You shoot a sling bullet. The sling bullet hits the cerulean imp.
The cerulean imp is lightly wounded.
Natasha misses you.
The cerulean imp hits you with a +2 spear.
The cerulean imp hits you but does no damage.
2549 ||| READING 5 scrolls of teleportation.
As you read the scroll of teleportation, it crumbles to dust.
You feel strangely unstable.
Natasha casts a spell.
The cerulean imp hits you with a +2 spear.
The cerulean imp hits you from afar with a +2 spear.
You shoot a sling bullet. The sling bullet hits the cerulean imp.
The cerulean imp is moderately wounded.
Natasha closely misses you. The cerulean imp misses you.
The cerulean imp hits you but does no damage.
The cerulean imp hits you with a +1 spear.
Natasha claws you but does no damage.
You shoot a sling bullet. The sling bullet hits the cerulean imp.
The cerulean imp is heavily wounded.
The cerulean imp hits you but does no damage.
The cerulean imp hits you from afar with a +2 spear.
You die...

..........#
.....#....# ....
.....##.#.# ...
...#......#### ...
.............. ..#
.........##..# #w#
........###..###5#
#...........^.##h#
#.......###...##@#
#.......#
#....5#5.....#
#.......#
##..##.#######
#.##.##.# #..# .#
......#.####..##.#
#....>...........#
...............#....
#......######..#####
#.#...## #..#


You could see a worm, Natasha and 3 cerulean imps.

Vanquished Creatures
  Grinder (D:3)
  An orc wizard (D:3)
  Robin (D:2)
  4 adders
  2 worms (D:2)
  5 dart slugs
  5 orcs (D:3)
  4 ball pythons
  4 endoplasms (D:1)
  A giant cockroach (D:3)
  14 goblins
  9 hobgoblins
  6 jackals
  4 quokkas
  9 bats
  5 frilled lizards
  6 kobolds
  6 rats
87 creatures vanquished.

Notes
Turn   | Place    | Note
-------+----------+-------------------------------------------
     0 | D:1      | qw the Gargoyle Hexslinger began the quest for the Orb.
     0 | D:1      | Reached XP level 1. HP: 12/12 MP: 2/2
     0 | D:1      | 0 ||| qw: Version: 0.3-a-40-ge99b1a8
     0 | D:1      | 0 ||| qw: Game counter: 282
     0 | D:1      | 0 ||| qw: Melee chars always use a shield: true
     0 | D:1      | 0 ||| qw: God list: Okawaru
     0 | D:1      | 0 ||| qw: Allow faded altars: false
     0 | D:1      | 0 ||| qw: Do Orc after clearing Dungeon:15 true
     0 | D:1      | 0 ||| qw: Do second Lair branch before Depths: true
     0 | D:1      | 0 ||| qw: Lair rune preference: random
     0 | D:1      | 0 ||| qw: Goals: Normal
     0 | D:1      | 0 ||| PLANNING D:1-11
   164 | D:1      | Reached XP level 2. HP: 16/16 MP: 3/3
   378 | D:1      | Reached skill level 3 in Ranged Weapons
   416 | D:1      | Found a faded altar of an unknown god.
   543 | D:1      | Reached XP level 3. HP: 21/21 MP: 4/4
  1251 | D:1      | 1251 ||| UPGRADING to +0 leather armour.
  1261 | D:1      | 1261 ||| DROPPING +0 robe.
  1262 | D:1      | 1262 ||| READING scroll labelled KOJOYM LUCUIFO.
  1263 | D:1      | 1263 ||| READING scroll labelled SOR XYUCSA.
  1264 | D:1      | 1264 ||| READING 3 scrolls labelled YQAOS AGIMETZI.
  1268 | D:1      | 1268 ||| DROPPING scroll of poison.
  1326 | D:2      | 1326 ||| READING 2 scrolls of identify.
  1326 | D:2      | 1326 ||| IDENTIFYING bubbling green potion
  1342 | D:2      | Reached XP level 4. HP: 26/26 MP: 5/5
  1348 | D:2      | Noticed Robin
  1359 | D:2      | Killed Robin
  1360 | D:2      | Reached skill level 4 in Ranged Weapons
  2052 | D:2      | 2052 ||| UPGRADING to +1 helmet.
  2057 | D:2      | 2057 ||| UPGRADING to ring of willpower.
  2058 | D:2      | 2058 ||| READING scroll labelled HEBEMU UCEMY.
  2059 | D:2      | 2059 ||| READING scroll labelled ALOUTW LETEI.
  2060 | D:2      | 2060 ||| READING scroll labelled IBOLON MYMUXT.
  2061 | D:2      | 2061 ||| DRINKING 2 bubbling black potions.
  2062 | D:2      | 2062 ||| DRINKING 2 viscous silvery potions.
  2063 | D:2      | 2063 ||| READING 2 scrolls of identify.
  2063 | D:2      | 2063 ||| IDENTIFYING green potion
  2097 | D:3      | Reached XP level 5. HP: 30/30 MP: 6/6
  2117 | D:3      | Noticed Grinder
  2122 | D:3      | Paralysed by Grinder for 5 turns
  2149 | D:3      | HP: 7/30 [Grinder (3)]
  2150 | D:3      | 2150 ||| READING 5 scrolls of teleportation.
  2151 | D:3      | Killed Grinder
  2152 | D:3      | Reached skill level 6 in Ranged Weapons
  2152 | D:3      | Reached XP level 6. HP: 9/35 MP: 7/7
  2322 | D:3      | Noticed qw's ghost (amateur MiHs)
  2323 | D:3      | Found a runed translucent door.
  2355 | D:3      | 2355 ||| UPGRADING to +0 leather armour of willpower.
  2357 | D:3      | 2357 ||| UPGRADING to +0 leather armour of willpower.
  2463 | D:3      | 2463 ||| UPGRADING to +0 leather armour of willpower.
  2473 | D:3      | 2473 ||| DROPPING +0 leather armour.
  2533 | D:3      | Noticed Natasha
  2541 | D:3      | Reached skill level 3 in Fighting
  2548 | D:3      | HP: 7/37 [cerulean imp/+2 spear[Natasha] (3)]
  2549 | D:3      | 2549 ||| READING 5 scrolls of teleportation.
  2550 | D:3      | HP: 2/37 [cerulean imp/+1 spear[Natasha] (3)]
  2551 | D:3      | Slain by a cerulean imp

Levels and vault maps discovered:
D:1:      wheals_arrival_linesprint, layout_basic,
          ebering_ecumenical_altar_ruins, serial_bayou_pond_d,
          minmay_split_cup_small
D:2:      layout_basic, nicolae_the_louvre, uniq_robin
D:3:      layout_loops_ring, hellmonk_ghost_happy_afterlife,
          kennysheep_crisscross, serial_bayou_lake_a, uniq_natasha, uniq_grinder

Skill      XL: |  1  2  3  4  5  6 |
---------------+-------------------+-----
Ranged Weapons | 3 4 6 |  6.4
Fighting       | 2 3 |  3.0
Dodging        | |  1.5
Spellcasting   | |  1.0
Hexes          | |  2.6

Action                     |  1- 3 |  4- 6 || total
---------------------------+-------+-------++-------
   Fire: Sling             |   117 |   204 ||   321
    Use: Scroll            |     4 |     6 ||    10
         Potion            |       |     2 ||     2
 Armour: Robe              |    15 |       ||    15
         Leather armour    |       |    59 ||    59
  Dodge: Dodged            |    26 |    80 ||   106

Table legend:
 A = Non-vault XP
 B = Vault XP
 C = Vault XP percentage of total XP
 D = Non-vault monster count
 E = Vault monster count
 F = Vault count percentage of total count
                 A         B        C        D         E       F
            +---------+---------+-------+---------+---------+-------
      Total |     217 |     328 |  60.2 |      70 |      17 |  19.5
            +---------+---------+-------+---------+---------+-------
        D:1 |      58 |       5 |   7.9 |      31 |       3 |   8.8
        D:2 |      62 |      37 |  37.4 |      21 |      13 |  38.2
        D:3 |      97 |     286 |  74.7 |      18 |       1 |   5.3
            +---------+---------+-------+---------+---------+-------
